 Dungeon Crawl Stone Soup version 0.29-b1-12-g9e2288ab2a (webtiles) character file.

Game seed: 6537980153129262477

1701 worthlessgem the Transmogrifier (level 8, -4/40 (43) HPs)
             Began as a Felid Transmuter on Aug 24, 2022.
             Was a Plaything of Xom.
             Slain by a salamander (shapeshifter) (18 damage)
             ... on level 8 of the Dungeon.
             The game lasted 00:35:34 (8710 turns).

worthlessgem the Transmogrifier (Felid Transmuter)  Turns: 8710, Time: 00:35:35

HP:   -4/40 (43)    AC: 11    Str:  8    XL:     8   Next: 73%
MP:   9/12          EV: 12    Int: 15    God:    Xom [*.....]
Gold: 267           SH:  0    Dex: 14    Spells: 0/11 levels left
                                        Lives: 0   Deaths: 2

rFire   x . .      SeeInvis +     - Unarmed
rCold   + + +      Faith    .   (shield unavailable)
rNeg    . . .      Spirit   .   (body armour unavailable)
rPois   +          Reflect  .   (helmet unavailable)
rElec   .          Harm     .   (cloak unavailable)
rCorr   .          Rampage  .   (gloves unavailable)
Will    +....                   (boots unavailable)
Stlth   ++........              (no amulet)
HPRegen 0.00/turn               b - +4 ring of protection
MPRegen 0.13/turn               (no ring)

@: ice-form, wereblooded, inhibited regen, hasted, drained, very quick
A: freezing attack, amphibious, boosted hp, large, (claws 1), (fangs 3), see
invisible, (speed 1), (shaggy fur 2), (stealthy paws), no weapons or thrown
items, no armour, multi-lived, clumsy 1, inhibited regeneration, MP-powered
wands
a: End Transformation, Renounce Religion


You were on level 8 of the Dungeon.
You worshipped Xom.
You were a special plaything of Xom.
You were a creature of crystalline ice.
You visited 2 branches of the dungeon, and saw 9 of its levels.

You collected 357 gold pieces.
You spent 90 gold pieces at shops.

Inventory:

Jewellery
 b - a +4 ring of protection (left front paw)
 g - an amulet of faith
 j - a +4 ring of slaying
Scrolls
 e - 3 scrolls of identify
 f - 2 scrolls of torment
 k - 2 scrolls of teleportation
 l - a scroll of amnesia
 m - a scroll of noise {unknown}
 o - a scroll of fog {unknown}
 p - a scroll of fear
 q - a scroll of immolation
Potions
 a - 2 potions of lignification
 c - 2 potions of curing
 d - 2 potions of heal wounds
 h - 2 potions of flight
 i - a potion of invisibility {unknown}
 n - a potion of haste


   Skills:
 + Level 4.2 Fighting
 + Level 5.3 Dodging
 - Level 3.5 Stealth
 + Level 5.7 Unarmed Combat
 - Level 2.0 Spellcasting
 - Level 8.5 Transmutations
 - Level 6.0 Ice Magic
 - Level 2.9 Poison Magic


You couldn't memorise any spells.
You knew the following spells:

 Your Spells              Type           Power      Damage    Failure   Level
a - Blink                 Tloc           2%         N/A       32%         2
b - Wereblood             Tmut           27%        N/A       1%          2
c - Spider Form           Tmut/Pois      18%        N/A       6%          3
d - Ice Form              Ice/Tmut       23%        N/A       11%         4

Your spell library contained the following spells:

 Spells                   Type           Power      Damage    Failure   Level
 Beastly Appendage        Tmut           54%        N/A       1%          1
 Lesser Beckoning         Tloc           1%         N/A       54%         3
 Manifold Assault         Tloc           1%         N/A       99%         5
 Malign Gateway           Summ/Tloc      0%         N/A       100%        7
 Summon Horrible Things   Summ           0%         N/A       100%        8


Dungeon Overview and Level Annotations

Branches:
Dungeon (8/15)             Temple (1/1) D:4
   Lair: D:8-11

Altars:
Ashenzari
Dithmenos
Elyvilon
Fedhas
Gozag
Hepliaklqana
Nemelex Xobeh
Qazlal
Ru
Trog
Vehumet
Wu Jian
Xom
The Shining One
Lugonu

Shops:
D:3 [*

Annotations:
D:3 1 runed translucent door, Crazy Yiuf
D:7 2 transporters


Innate Abilities, Weirdness & Mutations

You are a creature of crystalline ice.
You have a powerful freezing melee attack.
You are amphibious.
Your maximum health is increased.
((You have sharp claws.))
((You have razor-sharp teeth.))
You have supernaturally acute eyesight. (SInv)
((You cover ground quickly. (Speed+)))
((You are covered in thick fur. (AC +2)))
((Your paws help you pounce on unaware monsters.))
You are incapable of wielding weapons or throwing items.
You cannot wear armour.
You gain extra lives every three experience levels.
You are clumsy. (Dex -2)
You do not regenerate when monsters are visible.
You expend magic power (3 MP) to strengthen your wands.


Message History

The wight hits you with a +0 battleaxe!
Your life force feels restored.
Unknown command.
You feel much better.
You howl as the wereblood boils in your veins!
The wight barely misses you.
You feel yourself speed up.
You hit the wight.
The wight is moderately damaged.
Xom grants you a gift! Something appears before you!
You see here the +5 hand crossbow of Bonuqeb {flame, +Blink rPois rCorr Str-5}.
The +5 hand crossbow of Bonuqeb erupts in a glittering mayhem of colour.
You hit the wight but do no damage.
The wight is moderately damaged.
You howl as the wereblood boils in your veins!
The wight hits you with a +0 battleaxe.
You feel drained. The wight hits you with a +2 scimitar.
A salamander comes into view.
You punch the wight!
You feel a bit better.
You destroy the wight!
The wight hits you with a +0 battleaxe!
You feel drained.
You hit the wight but do no damage. You hit the wight but do no damage.
The wight hits you with a +0 battleaxe.
You punch the salamander! You freeze the salamander.
The salamander is moderately wounded.
You howl as the wereblood boils in your veins!
The salamander barely misses you.
You hit the salamander but do no damage.
The salamander is moderately wounded.
The wight closely misses you.
The salamander hits you but does no damage.
You punch the salamander! You freeze the salamander.
The salamander is heavily wounded.
You barely miss the salamander.
The salamander is heavily wounded.
The wight closely misses you. The salamander hits you.
You are engulfed in flames!!
The fire burns you terribly!
You die...
Xom laughs nastily!

#....##..#
####.#.#.!#
........z.## .
........<..# ## ..
.........#.##.#.##
...).#####z.......
..... ###.........
.....##.##...!....
........YN........
....##.#z#........
# ###..$.....
##...#... ..#####
... .... .....


You could see a salamander and a wight.

Vanquished Creatures
  Grinder (D:3)
  Eustachio (D:4)
  2 water moccasins (D:6)
  An orc warrior (D:6)
  A black bear (D:7)
  A sky beast (D:7)
  3 ogres (D:5)
  A centaur (D:5)
  A phantom (D:5)
  3 bullfrogs (D:7)
  2 necrophages (D:5)
  4 scorpions
  7 wights
  4 howler monkeys (D:7)
  2 gnoll boudas
  3 orc priests
  4 hounds
  A jelly (D:7)
  3 orc wizards
  6 adders
  8 gnolls
  A shadow imp (D:6)
  2 ufetubi
  5 dart slugs
  20 orcs
  3 endoplasms
  2 giant cockroaches
  4 goblins
  8 hobgoblins
  8 kobolds
  5 quokkas
  8 ball pythons
  4 bats
  4 frilled lizards
  6 rats
139 creatures vanquished.

Vanquished Creatures (collateral kills)
  A kobold (D:4)
1 creature vanquished.

Vanquished Creatures (others)
  An ogre (D:5)
  An orc wizard (D:5)
  12 plants (D:5)
14 creatures vanquished.

Grand Total: 154 creatures vanquished

Notes
Turn   | Place    | Note
-------+----------+-------------------------------------------
     0 | D:1      | worthlessgem the Felid Transmuter began the quest for the
                  | Orb.
     0 | D:1      | Reached XP level 1. HP: 9/9 MP: 4/4
   156 | D:1      | Reached XP level 2. HP: 12/12 MP: 4/6
   668 | D:1      | Found a faded altar of an unknown god.
   776 | D:2      | Learned a level 2 spell: Wereblood
   876 | D:2      | Reached XP level 3. HP: 15/15 MP: 7/7
  1654 | D:2      | Reached XP level 4. HP: 19/19 MP: 6/8
  1829 | D:2      | Learned a level 3 spell: Spider Form
  2014 | D:3      | Found a runed translucent door.
  2015 | D:3      | Noticed Crazy Yiuf
  2067 | D:3      | Found Lonuunoc's General Store.
  2075 | D:3      | Bought a potion of curing for 30 gold pieces
  2075 | D:3      | Bought a scroll of fear for 40 gold pieces
  2075 | D:3      | Bought a scroll of identify for 20 gold pieces
  2103 | D:3      | Found a hazy altar of Hepliaklqana.
  2136 | D:3      | You fall into a shaft and drop 2 floors!
  2136 | D:5      | Entered Level 5 of the Dungeon
  2143 | D:5      | Noticed a necrophage
  2156 | D:5      | Killed a necrophage
  2157 | D:5      | Reached XP level 5. HP: 16/23 MP: 9/9
  2253 | D:5      | Noticed a centaur
  2382 | D:5      | Noticed a phantom
  2545 | D:4      | Found a staircase to the Ecumenical Temple.
  2555 | Temple   | Entered the Ecumenical Temple
  2721 | Temple   | Became a worshipper of Xom of Unknown Intention
  3034 | D:3      | XOM: silly message
  3069 | D:3      | XOM: cloud trail
  3134 | D:3      | Found Heco Zid's Antique Armour Emporium.
  3143 | D:3      | Noticed Grinder
  3162 | D:3      | XOM: potion effect (haste)
  3173 | D:3      | XOM: silly message
  3181 | D:3      | Killed Grinder
  3182 | D:3      | Reached skill level 5 in Transmutations
  3182 | D:3      | Gained mutation: You are covered in thick fur. (AC +2)
                  | [Felid growth]
  3182 | D:3      | Reached XP level 6. HP: 27/27 MP: 6/10
  3740 | D:4      | XOM: silly message
  3756 | D:4      | Noticed Eustachio
  3772 | D:4      | XOM: potion effect (curing)
  3777 | D:4      | Killed Eustachio
  3778 | D:4      | Reached skill level 6 in Transmutations
  3855 | D:4      | XOM: god gift: metallic blue potion {god gift}
  3950 | D:4      | XOM: give mutations
  3950 | D:4      | Gained mutation: You have a pair of small antennae on your
                  | head. [Xom's grace]
  3950 | D:4      | Gained mutation: You expend magic power (3 MP) to
                  | strengthen your wands. [Xom's grace]
  3999 | D:4      | XOM: god gift: 23 gold pieces
  4028 | D:4      | Reached skill level 1 in Poison Magic
  4028 | D:4      | Reached XP level 7. HP: 30/30 MP: 7/11
  4163 | D:4      | XOM: summons friendly ufetubus
  4851 | D:5      | Learned a level 4 spell: Ice Form
  4989 | D:5      | Reached skill level 7 in Transmutations
  4989 | D:5      | Reached skill level 1 in Ice Magic
  5179 | D:5      | XOM: 1-stop teleportation journey
  5183 | D:5      | Killed by an exploding ogre... ignited by their inner flame
  5184 | D:5      | Reached XP level 6. HP: -5/27 MP: 10/10
  5184 | D:5      | Reached XP level 7. HP: 30/30 MP: 11/11
  5234 | D:5      | XOM: noise
  5296 | D:5      | XOM: confusion
  5306 | D:5      | XOM: scenery: 1 doors close
  5375 | D:5      | XOM: divine lightning
  5455 | D:5      | XOM: give mutation
  5455 | D:5      | Gained mutation: You do not regenerate when monsters are
                  | visible. [Xom's mischief]
  5618 | D:5      | Found a shadowy altar of Dithmenos.
  5619 | D:5      | XOM: confusion
  5620 | D:5      | XOM: enchant monster (bad)
  6055 | D:5      | XOM: give mutation
  6055 | D:5      | Gained mutation: You have hidden genetic potential. [Xom's
                  | grace]
  6109 | D:6      | XOM: cast spell 'Necromutation'
  6136 | D:6      | XOM: god gift: 2 scrolls labelled DAOBLIANGU {god gift}
  6343 | D:6      | Reached XP level 8. HP: 33/34 MP: 6/12
  6348 | D:6      | Reached skill level 8 in Transmutations
  6643 | D:6      | XOM: scenery: summon butterflies
  6646 | D:6      | Reached skill level 5 in Ice Magic
  6874 | D:6      | Gained mutation: You are robust. (+10% HP) [hidden
                  | potential]
  6931 | D:6      | XOM: cloud trail
  7224 | D:6      | Learned a level 2 spell: Blink
  7532 | D:6      | XOM: enchant monster (good)
  7654 | D:6      | XOM: swap monsters
  7662 | D:6      | XOM: smoke on damage
  7860 | D:6      | XOM: summons 2 hostile demons
  7917 | D:6      | XOM: summons 5 hostile demons
  7923 | D:6      | Lost mutation: You are robust. (+10% HP) [potion of
                  | mutation]
  7923 | D:6      | Lost mutation: You have hidden genetic potential. [potion
                  | of mutation]
  7923 | D:6      | Lost mutation: You have a pair of small antennae on your
                  | head. [potion of mutation]
  7923 | D:6      | Gained mutation: You are clumsy. (Dex -2) [potion of
                  | mutation]
  7923 | D:6      | Mangled by a chaos spawn
  7924 | D:6      | Reached XP level 7. HP: -8/36 MP: 11/11
  7999 | D:7      | Reached XP level 8. HP: 31/34 MP: 8/12
  8049 | D:7      | Found a corrupted altar of Lugonu.
  8049 | D:7      | Noticed an unseen horror
  8049 | D:7      | Noticed a brown ugly thing
  8050 | D:7      | Noticed a white ugly thing
  8050 | D:7      | Noticed a jumping spider
  8051 | D:7      | Noticed a purple ugly thing
  8051 | D:7      | Noticed a cyan ugly thing
  8075 | D:7      | Noticed a manticore
  8075 | D:7      | a jumping spider changed into a manticore
  8137 | D:7      | XOM: swap monsters
  8143 | D:7      | XOM: potion effect (haste)
  8148 | D:7      | Reached skill level 5 in Unarmed Combat
  8168 | D:7      | Noticed a cane toad
  8172 | D:7      | Found a transporter.
  8442 | D:7      | Reached skill level 5 in Dodging
  8545 | D:7      | Found a transporter.
  8681 | D:8      | Noticed a shapeshifter
  8681 | D:8      | a centaur changed into a shapeshifter
  8681 | D:8      | XOM: polymorph centaur -> shapeshifter
  8681 | D:8      | Noticed a cane toad
  8681 | D:8      | a shapeshifter changed into a cane toad
  8702 | D:8      | Identified the +5 hand crossbow of Bonuqeb {flame, +Blink
                  | rPois rCorr Str-5} (Xom gifted it to you on level 8 of the
                  | Dungeon)
  8702 | D:8      | XOM: god gift: +5 hand crossbow of Bonuqeb {chaos, +Blink
                  | rPois rCorr Str-5}
  8703 | D:8      | Noticed a salamander
  8710 | D:8      | Slain by a salamander (shapeshifter)

Illustrated notes

Levels and vault maps discovered:
D:1:      erik_arrival_blinker_ship, layout_basic,
          shapermc_ecumenical_altar_pompeii, hangedman_decor_clover_reticule
D:2:      layout_basic, minmay_splitting_lines
D:3:      layout_basic, mainiacjoe_overflow_small_starburst, serial_shops,
          shop_fountains, nicolae_diamond_shop, corexii_shack, uniq_grinder,
          uniq_crazy_yiuf_cottage
D:4:      layout_layer_cave, temple_hall, hangedman_decor_opposing,
          minmay_cut_off, uniq_eustachio
D:5:      layout_basic, old_standard_altar, serial_bayou, serial_bayou_pond_b,
          serial_bayou_shore_b, serial_bayou_pond_c, serial_bayou_shore_b,
          minmay_crossroads
D:6:      layout_cave_pods
D:7:      gammafunk_corrupted_shrine, layout_cave_pools, grunt_decor_clamped,
          kennysheep_nub
D:8:      layout_cave_pools, nicolae_shop_vocational
Temple:   hellmonk_temple_forest_ring

Skill      XL: |  1  2  3  4  5  6  7  8 |
---------------+-------------------------+-----
Unarmed Combat | 4 5 |  5.7
Fighting       | 2 3 4 |  4.2
Stealth        | 3 |  3.5
Transmutations | 5 6 7 8 |  8.5
Poison Magic   | 1 2 |  2.9
Ice Magic      | 2 6 5 |  6.0
Dodging        | 5 |  5.3
Spellcasting   | |  2.0

Action                   |  1- 3 |  4- 6 |  7- 9 || total
-------------------------+-------+-------+-------++-------
Melee: Unarmed           |    85 |    75 |   261 ||   421
       Bite              |     7 |     6 |     5 ||    18
       Headbutt          |    12 |     1 |       ||    13
       Punch             |     4 |     1 |     2 ||     7
 Cast: Beastly Appendage |    26 |     6 |       ||    32
       Spider Form       |       |     3 |    14 ||    17
       Ice Form          |       |       |    12 ||    12
       Wereblood         |       |       |     9 ||     9
 Abil: End Transformatio |       |       |     2 ||     2
  Use: Scroll            |       |     7 |     3 ||    10
       Potion            |       |     2 |     7 ||     9
 Stab: Sleeping          |     3 |    11 |     1 ||    15
       Distracted        |       |       |     1 ||     1
       Confused          |       |       |     2 ||     2
       Petrified         |       |       |     1 ||     1
Armor: Skin              |    18 |    12 |   103 ||   133
Dodge: Dodged            |    51 |    58 |   278 ||   387
